 Dungeon Crawl Stone Soup version 0.31-a0-875-g02e7d12df6 (webtiles) character file.

Game seed: 14360316125523944911

43 hikkokomori the Shooter (level 3, -1/28 HPs)
             Began as a Human Hunter on Oct 12, 2023.
             Slain by Natasha (3 damage)
             ... on level 2 of the Dungeon.
             The game lasted 00:00:47 (789 turns).

hikkokomori the Shooter (Human Hunter)               Turns: 789, Time: 00:00:51

Health: -1/28      AC:  3    Str: 11    XL:     3   Next: 82%
Magic:  3/3        EV: 12    Int: 11    God:
Gold:   36         SH:  0    Dex: 16    Spells: 2/2 levels left

rFire   . . .        a - +0 shortbow
rCold   . . .        (shield currently unavailable)
rNeg    . . .        c - +0 leather armour
rPois   .            (helmet restricted)
rElec   .            (no cloak)
rCorr   .            (no gloves)
SInv    .            (no boots)
Will    .....        (no amulet)
Stlth   ++           (no ring)
HPRegen 0.24/turn    (no ring)
MPRegen 0.08/turn

%: clarity
@: slowed, very slow
A: horns 2, clarity
a: no special abilities


You were on level 2 of the Dungeon.
You visited 1 branch of the dungeon, and saw 2 of its levels.

You collected 36 gold pieces.

Inventory:

Hand Weapons
 a - a +0 shortbow (weapon)
Armour
 c - a +0 leather armour (worn)
Wands
 q - a wand of polymorph (8)
Scrolls
 b - a scroll of butterflies
 d - a scroll of summoning {unknown}
 e - a scroll of enchant armour {unknown}
 j - a scroll of identify {unknown}
 l - a scroll of poison {unknown}
 m - 2 scrolls of blinking {unknown}
 n - a scroll of noise {unknown}
 o - a scroll of immolation {unknown}
 p - 2 scrolls of enchant weapon {unknown}
Potions
 f - 2 potions of mutation
 g - 2 potions of brilliance {unknown}
 h - a potion of berserk rage {unknown}
 i - a potion of curing {unknown}
 k - 2 potions of might {unknown}


   Skills:
 + Level 2.8 Fighting
 + Level 4.4 Ranged Weapons
 - Level 2.0 Dodging
 + Level 2.1 Stealth


You had 2 spell levels left.
You didn't know any spells.
Your spell library contained the following spells:

 Spells                   Type           Power      Damage    Failure   Level
 Poisonous Vapours        Pois/Air       0%         N/A       56%         2
 Mephitic Cloud           Conj/Pois/Air  0%         N/A       80%         3
 Freezing Cloud           Conj/Ice/Air   0%         6-21      100%        5


Dungeon Overview and Level Annotations

Branches:
Dungeon (2/15)

Altars:
Makhleb

Annotations:
D:2 Natasha


Innate Abilities, Weirdness & Mutations

You have a pair of horns on your head.
You possess an exceptional clarity of mind.


Message History

You shoot an arrow. The arrow closely misses Natasha.
The arrow hits the endoplasm!
You kill the endoplasm!
Natasha is nearby!
You shoot an arrow. The arrow hits Natasha.
Natasha is moderately wounded.
Natasha mumbles some strange words.
There are monsters nearby!
You shoot an arrow. The arrow misses Natasha.
Natasha barely misses you.
The cerulean imp hits you with a +1 spear.
Natasha howls an incantation.
Natasha glows brightly for a moment.
Natasha claws you.
There are monsters nearby!
You shoot an arrow. The arrow barely misses Natasha.
The cerulean imp hits you with a +1 spear.
Natasha casts a spell at you.
You feel as though you will be slow longer.
The cerulean imp hits you with a +1 spear.
Natasha claws you.
There are monsters nearby!
You are too injured to fight recklessly!
There are monsters nearby!
You are too injured to fight recklessly!
Unknown command.
You shoot an arrow. The arrow closely misses Natasha.
The cerulean imp hits you with a +1 spear.
Natasha closely misses you.
The cerulean imp hits you with a +1 spear.
* * * LOW HITPOINT WARNING * * *
Natasha mumbles some strange words.
Unknown command.
It was a potion of mutation.
You feel extremely strange. A pair of horns grows on your head!
The horns on your head grow some more.
Your thoughts seem clearer.
The cerulean imp hits you with a +1 spear.
* * * LOW HITPOINT WARNING * * *
Natasha claws you.
You die...
Natasha begins licking her fur clean.

.# .### ...
...#############.#
...##..........#.#
...##.#######.##.#
...#........#.##.#
...###.)###.#.##?#
...#........#.##h#
...###....###.55@#
...# #.......#####
######.....#.#
...#.......#)#
.#.#.##....#.#
.#.#.##....#.#
.#.#.......#.#####
.#.#####...#.....#
##.# #...#####.#


You could see Natasha and 2 cerulean imps.

Vanquished Creatures
  A worm (D:2)
  5 endoplasms
  A giant cockroach (D:1)
  3 goblins
  4 hobgoblins (D:1)
  4 jackals
  7 ball pythons
  A bat (D:1)
  6 kobolds
  2 rats (D:1)
34 creatures vanquished.

Notes
Turn   | Place    | Note
-------+----------+-------------------------------------------
     0 | D:1      | hikkokomori the Human Hunter began the quest for the Orb.
     0 | D:1      | Reached XP level 1. HP: 16/16 MP: 1/1
    89 | D:1      | Reached XP level 2. HP: 22/22 MP: 2/2
   246 | D:1      | Reached XP level 3. HP: 28/28 MP: 3/3
   615 | D:2      | Found a burning altar of Makhleb.
   781 | D:2      | Noticed Natasha
   789 | D:2      | Gained mutation: You have a pair of small horns on your
                  | head. [potion of mutation]
   789 | D:2      | Gained mutation: You have a pair of horns on your head.
                  | [potion of mutation]
   789 | D:2      | Gained mutation: You possess an exceptional clarity of
                  | mind. [potion of mutation]
   789 | D:2      | Slain by Natasha

Illustrated notes

Levels and vault maps discovered:
D:1:      mrwooster_arrival_statue_2, layout_loops_ring, minmay_misc_feat_square
D:2:      layout_basic, basic_altar, minmay_lizard_king, uniq_robin,
          uniq_natasha

Skill      XL: |  1  2  3 |
---------------+----------+-----
Stealth        | 2 |  2.1
Fighting       | |  2.8
Ranged Weapons | |  4.4
Dodging        | |  2.0

Action                     || total
---------------------------++-------
   Fire: Shortbow          ||    78
    Use: Potion            ||     1
 Armour: Leather armour    ||    18
  Dodge: Dodged            ||    12

Table legend: (Time is in decaauts)
 A = Elapsed time spent in this place.
 B = Non-inter-level travel time spent in this place.
 C = Inter-level travel time spent in this place.
 D = Time resting spent in this place.
 E = Time spent auto-exploring this place.
 F = Levels seen in this place.
 G = Mean time per level.
                   A        B        C        D        E       F      G
               +--------+--------+--------+--------+--------+-----+--------+
         Total |    811 |    801 |     10 |      0 |    645 |   2 |  405.5 |
       Dungeon |    811 |    801 |     10 |      0 |    645 |   2 |  405.5 |
               +--------+--------+--------+--------+--------+-----+--------+

Top non-repeatable levels by time:
     D:1: 565 daAuts
     D:2: 245 daAuts
